 Dungeon Crawl Stone Soup version 0.32-a0-40-g2adb59ae06 (webtiles) character file.

Game seed: 12103111425056639475

208 lunkers the Cudgeller (level 5, -3/50 HPs)
             Began as an Oni Gladiator on Jan 24, 2024.
             Slain by a black bear (4 damage)
             ... on level 4 of the Dungeon.
             The game lasted 00:03:51 (2369 turns).

lunkers the Cudgeller (Oni Gladiator)               Turns: 2369, Time: 00:03:51

Health: -3/50      AC:  3    Str: 20    XL:     5   Next: 86%
Magic:  5/5        EV: 10    Int:  9    God:
Gold:   147        SH:  0    Dex: 10    Spells: 4/4 levels left

rFire   . . .        a - +3 quarterstaff
rCold   . . .        (shield currently unavailable)
rNeg    . . .        b - +0 robe
rPois   .            c - +0 hat
rElec   .            (no cloak)
rCorr   +            (gloves unavailable)
SInv    .            (boots unavailable)
Will    .....        n - amulet of the acrobat
Stlth   +            h - ring of resist corrosion
HPRegen 0.28/turn    (no ring)
MPRegen 0.09/turn

%: acrobat
@: no status effects
A: large, unfitting armour, horns 1, tough skin 1, double potion healing,
drunken brawling
a: no special abilities


You were on level 4 of the Dungeon.
You visited 1 branch of the dungeon, and saw 4 of its levels.

You collected 147 gold pieces.

Inventory:

Hand Weapons
 a - a +3 quarterstaff (weapon)
 k - a +0 flail
Missiles
 d - 3 throwing nets
 e - a large rock
 v - 3 poisoned darts
 z - 2 boomerangs
Armour
 b - a +0 robe (worn)
 c - a +0 hat (worn)
Jewellery
 h - a ring of resist corrosion (left hand)
 n - an amulet of the acrobat (around neck)
Talismans
 p - a serpent talisman
Scrolls
 j - 2 scrolls of poison
 l - a scroll of fear
 q - a scroll of fog {unknown}
 s - 4 scrolls of teleportation {unknown}
 t - a scroll of revelation {unknown}
 w - a scroll of blinking {unknown}
 x - a scroll of vulnerability {unknown}
 y - a scroll of amnesia {unknown}
Potions
 f - a potion of mutation
 g - 2 potions of invisibility
 i - 2 potions of resistance
 m - a potion of might {unknown}
 o - a potion of degeneration {unknown}
 r - a potion of heal wounds {unknown}
 u - a potion of magic {unknown}
 A - a potion of brilliance {unknown}
 B - a potion of curing {unknown}


   Skills:
 - Level 2.6 Fighting
 - Level 5.3(5.8) Maces & Flails
 + Level 3.0(4.6) Staves
 - Level 2.0 Throwing
 - Level 2.6 Dodging


You had 4 spell levels left.
You didn't know any spells.
Your spell library contained the following spells:

 Spells                   Type           Power      Damage    Failure   Level
 Kiss of Death            Conj/Necr      0%         2d5       38%         1
 Confusing Touch          Hex            0%         N/A       77%         3
 Dispel Undead            Necr           0%         3d6       99%         4


Dungeon Overview and Level Annotations

Branches:
Dungeon (4/15)
 Temple: D:4-7

Altars:
Dithmenos
Yredelemnul


Innate Abilities, Weirdness & Mutations

You are too large for most types of armour.
You have a pair of small horns on your head.
You have tough skin. (AC +1)
You gain doubled healing and magic from potions.
Whenever you drink a healing potion, you attack all around you.


Message History

* * * LOW HITPOINT WARNING * * *
Okay, then.
You hit Blork the orc. You headbutt Blork the orc.
Blork the orc is almost dead.
Blork the orc hits you with a +0 hand axe.
* * * LOW HITPOINT WARNING * * *
Blork the orc hits you with a +0 hand axe.
* * * LOW HITPOINT WARNING * * *
You closely miss Blork the orc. You headbutt Blork the orc.
Blork the orc is almost dead.
Blork the orc looks angry.
Blork the orc closely misses you.
Blork the orc hits you with a +0 hand axe.
* * * LOW HITPOINT WARNING * * *
You hit Blork the orc but do no damage. You headbutt Blork the orc.
You kill Blork the orc!
Your base Staves skill gained 2 levels and is now at level 3!
Unknown command.
You closely miss the black bear. The black bear bites you.
* * * LOW HITPOINT WARNING * * *
The black bear claws you.
* * * LOW HITPOINT WARNING * * *
The black bear claws you.
* * * LOW HITPOINT WARNING * * *
You sock the black bear!
The black bear is moderately wounded.
The black bear closely misses you. The black bear misses you.
The black bear barely misses you.
Unknown command.
You hit the black bear. Your headbutt misses the black bear.
The black bear is heavily wounded.
The black bear bites you.
* * * LOW HITPOINT WARNING * * *
The black bear claws you but does no damage. x2
You barely miss the black bear.
The black bear is heavily wounded.
The black bear bites you.
* * * LOW HITPOINT WARNING * * *
The black bear claws you.
You die...

...............# .........#
...............# .........#
..........)....# .........#
............<..# .........#
...............# .........#
...............# .........#
.....<.........#
.........#########.########
..............h@...#
.............####†.#
.............# #..#
.............# #..#
.............# #..#
.............# #..#
.........##### #..#
##+####### #..#


You could see a black bear.

Vanquished Creatures
  Blork the orc (D:4)
  3 gnolls (D:2)
  6 adders
  2 dart slugs (D:3)
  5 orcs
  8 ball pythons
  4 endoplasms
  A giant cockroach (D:3)
  4 hobgoblins
  2 kobolds
  6 quokkas
  2 bats
  A frilled lizard (D:1)
  5 goblins
  6 rats
56 creatures vanquished.

Notes
Turn   | Place    | Note
-------+----------+-------------------------------------------
     0 | D:1      | lunkers the Oni Gladiator began the quest for the Orb.
     0 | D:1      | Reached XP level 1. HP: 22/22 MP: 1/1
   165 | D:1      | Reached XP level 2. HP: 29/29 MP: 2/2
   758 | D:2      | Reached skill level 4 in Maces & Flails
   758 | D:2      | Reached XP level 3. HP: 29/36 MP: 3/3
   904 | D:2      | Reached XP level 4. HP: 15/44 MP: 4/4
  1313 | D:2      | Reached skill level 5 in Maces & Flails
  2052 | D:3      | Reached XP level 5. HP: 40/50 MP: 5/5
  2053 | D:3      | Reached skill level 1 in Staves
  2205 | D:3      | Found a basalt altar of Yredelemnul.
  2214 | D:3      | Found a shadowy altar of Dithmenos.
  2343 | D:4      | Noticed Blork the orc
  2346 | D:4      | Noticed a black bear
  2365 | D:4      | Killed Blork the orc
  2369 | D:4      | HP: 1/50 [black bear (5)]
  2369 | D:4      | Slain by a black bear

Illustrated notes

Levels and vault maps discovered:
D:1:      nzn_arrival_water_spiral, layout_basic
D:2:      layout_loops_ring, minmay_hexomino_c4
D:3:      layout_basic, mainiacjoe_overflow_swirl
D:4:      layout_basic, fedhas_altar_1, uniq_blork_the_orc

Skill      XL: |  1  2  3  4  5 |
---------------+----------------+-----
Maces & Flails | 4 5 |  5.3
Staves         | 3 |  3.0
Fighting       | |  2.6
Throwing       | |  2.0
Dodging        | |  2.6

Action                     |  1- 3 |  4- 6 || total
---------------------------+-------+-------++-------
  Melee: Flail             |    67 |    34 ||   101
         Headbutt          |     6 |    11 ||    17
         Punch             |     1 |     1 ||     2
         Quarterstaff      |       |    33 ||    33
  Throw: Stone             |       |    21 ||    21
    Use: Scroll            |       |     5 ||     5
   Stab: Sleeping          |     1 |       ||     1
 Armour: Robe              |    42 |    45 ||    87
  Dodge: Dodged            |    32 |    44 ||    76

Table legend: (Time is in decaauts)
 A = Elapsed time spent in this place.
 B = Non-inter-level travel time spent in this place.
 C = Inter-level travel time spent in this place.
 D = Time resting spent in this place.
 E = Time spent auto-exploring this place.
 F = Levels seen in this place.
 G = Mean time per level.
                   A        B        C        D        E       F      G
               +--------+--------+--------+--------+--------+-----+--------+
         Total |   2390 |   2313 |     77 |      0 |   1920 |   4 |  597.5 |
       Dungeon |   2390 |   2313 |     77 |      0 |   1920 |   4 |  597.5 |
               +--------+--------+--------+--------+--------+-----+--------+

Top non-repeatable levels by time:
     D:2: 895 daAuts
     D:1: 751 daAuts
     D:3: 625 daAuts
     D:4: 117 daAuts
